 Dungeon Crawl Stone Soup version 0.21.1-1-g345015f (webtiles) character file.

3313 kae the Basher (level 9, -5/81 HPs)
             Began as a Minotaur Fighter on June 17, 2018.
             Was a Priest of Makhleb.
             Slain by a two-headed ogre
             ... wielding a +0 giant club
              (12 damage)
             ... on level 7 of the Dungeon.
             The game lasted 00:06:33 (6869 turns).

kae the Basher (Minotaur Fighter)                   Turns: 6869, Time: 00:06:33

Health: -5/81      AC: 16    Str: 24    XL:     9   Next: 70%
Magic:  10/10      EV: 12    Int: 10    God:    Makhleb [***...]
Gold:   441        SH:  5    Dex: 10    Spells: 8/8 levels left

rFire    . . .     SeeInvis .   b - +1 mace (protect)
rCold    . . .     Gourm    .   D - +1 buckler
rNeg     . . .     Faith    .   m - +0 scale mail
rPois    .         Spirit   .   (helmet restricted)
rElec    .         Reflect  .   h - +0 cloak
rCorr    .         Harm     .   (no gloves)
MR       .....                  (no boots)
Stlth    ..........             (no amulet)
HPRegen  0.23/turn              n - +5 ring of intelligence
MPRegen  0.12/turn              (no ring)

@: protection aura
A: retaliatory headbutt, horns 2
a: Minor Destruction, Lesser Servant of Makhleb, Renounce Religion


You were on level 7 of the Dungeon.
You worshipped Makhleb.
Makhleb was most pleased with you.
You were hungry.

You visited 2 branches of the dungeon, and saw 8 of its levels.
You also visited: Sewer.

You collected 441 gold pieces.

Inventory:

Hand Weapons
 a - a +2 whip of freezing
 b - a +1 mace of protection (weapon)
 y - a +0 flail
Armour
 c - a +0 shield
 h - a +0 cloak (worn)
 m - a +0 scale mail (worn)
 D - a +1 buckler (worn)
Jewellery
 n - a +5 ring of intelligence (left hand)
 w - an uncursed ring of flight {unknown}
 x - an uncursed amulet of the gourmand {unknown}
 C - an uncursed ring of ice
 G - an uncursed ring of poison resistance {unknown}
Wands
 p - a wand of flame (41)
 t - a wand of acid (9)
Scrolls
 i - 5 scrolls of remove curse
 o - 5 scrolls of teleportation
 v - a scroll of blinking
 B - a scroll of fog
 F - a scroll of enchant armour
 H - a scroll of identify
Potions
 d - 3 potions of might
 e - 2 potions of agility
 g - 2 potions of flight
 j - 3 potions of cancellation
 k - 3 potions of heal wounds {unknown}
 l - 6 potions of curing
 r - a potion of mutation {unknown}
 s - 2 potions of haste {unknown}
 u - 2 potions of lignification {unknown}
 z - a potion of magic {unknown}
 A - a potion of resistance {unknown}
 E - a potion of brilliance {unknown}
Books
 q - a book of Cantrips

   Spells                             Type                      Level
   a - Confusing Touch                Hexes                        1
   b - Animate Skeleton               Necromancy                   1
   c - Summon Small Mammal            Summoning                    1
   d - Apportation                    Translocation                1
Comestibles
 f - 13 rations


   Skills:
 + Level 7.9 Fighting
 * Level 10.2 Maces & Flails
 + Level 7.9 Armour
 + Level 6.2 Dodging
 - Level 4.0 Shields
 + Level 3.7 Invocations


You had 8 spell levels left.
You didn't know any spells.

Dungeon Overview and Level Annotations

Branches:
Dungeon (7/15)             Temple (1/1) D:4

Altars:
Ashenzari
Cheibriados
Dithmenos
Elyvilon
Fedhas
Gozag
Hepliaklqana
Kikubaaqudgha
Makhleb
Nemelex Xobeh
Okawaru
Qazlal
Ru
Sif Muna
Trog
Uskayaw
Wu Jian
Xom
Zin
The Shining One


Innate Abilities, Weirdness & Mutations

You reflexively headbutt those who attack you in melee.
You have a pair of horns on your head.


Message History

You block the two-headed ogre's attack.
The two-headed ogre hits you but does no damage.
You hit the two-headed ogre but do no damage.
The two-headed ogre is moderately wounded.
The two-headed ogre hits you with a giant club.
The two-headed ogre hits you with a giant spiked club!
* * * LOW HITPOINT WARNING * * *
You hit the two-headed ogre but do no damage.
Your headbutt misses the two-headed ogre.
The two-headed ogre is moderately wounded.
You barely miss the two-headed ogre.
Your headbutt misses the two-headed ogre.
The two-headed ogre is moderately wounded.
The two-headed ogre hits you but does no damage.
The two-headed ogre hits you with a giant spiked club!
* * * LOW HITPOINT WARNING * * *
You sock the two-headed ogre!
The two-headed ogre is heavily wounded.
The two-headed ogre hits you with a giant club!
You die...

########## #.# #.#
#.# #.# #.# ########
#.# #......# #.#
#.####.# #.#
#@####.### #.#
......O.##.....# #.#
#######.##.#.#.###.#
####...#.....#
#.#######.# ## ###


You could see a two-headed ogre.

Vanquished Creatures
  Pikel (D:4)
  A wraith (D:5)
  The ghost of kae the Chopper, an amateur HOFi (D:4)
  4 yaks (D:7)
  The ghost of inc the Chiller, an amateur OpIE of Vehumet (D:3)
  An orc warrior (D:6)
  A sky beast (D:6)
  4 slaves (D:4)
  An ice beast (D:5)
  A black bear (D:6)
  2 centaurs
  3 bullfrogs
  2 scorpions
  3 wights (D:6)
  5 howler monkeys
  2 crimson imps
  2 bullfrog zombies
  2 bullfrog skeletons
  2 orc priests
  A hound (D:7)
  A jelly (D:7)
  2 orc wizards
  2 worker ants (D:5)
  13 adders
  A shadow imp (D:7)
  10 oozes
  A worm (D:3)
  2 dart slugs
  14 leopard geckos
  20 orcs
  17 giant cockroaches
  6 goblins
  A hobgoblin (D:3)
  4 jackals
  6 kobolds
  5 quokkas
  9 ball pythons
  7 bats
  12 frilled lizards
  2 leopard gecko zombies
  3 quokka skeletons
  10 rats
188 creatures vanquished.

Notes
Turn   | Place    | Note
-------+----------+-------------------------------------------
     0 | D:1      | kae the Minotaur Fighter began the quest for the Orb.
     0 | D:1      | Reached XP level 1. HP: 19/19 MP: 0/0
   377 | D:1      | Reached XP level 2. HP: 27/27 MP: 1/1
   675 | D:2      | Reached skill level 3 in Maces & Flails
   984 | D:2      | Reached skill level 1 in Dodging
  1257 | D:3      | Reached XP level 3. HP: 25/33 MP: 2/2
  1407 | D:3      | Noticed inc's ghost (amateur OpIE)
  1655 | D:3      | Reached XP level 4. HP: 27/40 MP: 3/3
  1759 | D:3      | Reached skill level 4 in Maces & Flails
  2404 | D:3      | Killed inc's ghost
  2404 | D:3      | Reached XP level 5. HP: 35/47 MP: 4/4
  2812 | D:4      | Found a staircase to the Ecumenical Temple.
  2880 | Temple   | Entered the Ecumenical Temple
  3124 | D:4      | Reached skill level 5 in Maces & Flails
  3137 | D:4      | Found a burning altar of Makhleb.
  3140 | D:4      | Found an opulent altar of Gozag.
  3145 | D:4      | Became a worshipper of Makhleb the Destroyer
  3210 | D:4      | Found a glowing drain.
  3230 | D:4      | Noticed kae's ghost (amateur HOFi)
  3243 | D:4      | Killed kae's ghost
  3243 | D:4      | Reached skill level 5 in Fighting
  3243 | D:4      | Reached skill level 5 in Armour
  3243 | D:4      | Reached XP level 6. HP: 18/56 MP: 5/5
  3258 | Sewer    | Entered a sewer
  3668 | Sewer    | Reached * piety under Makhleb
  3856 | Sewer    | Reached skill level 6 in Maces & Flails
  3879 | Sewer    | Reached XP level 7. HP: 59/61 MP: 6/6
  3926 | Sewer    | Reached ** piety under Makhleb
  4309 | D:4      | Noticed Pikel
  4330 | D:4      | Killed Pikel
  4330 | D:4      | Reached skill level 7 in Maces & Flails
  4330 | D:4      | Reached XP level 8. HP: 61/71 MP: 7/7
  4751 | D:5      | Entered Level 5 of the Dungeon
  4981 | D:5      | Reached skill level 8 in Maces & Flails
  4981 | D:5      | Reached skill level 1 in Invocations
  5033 | D:5      | Found a blossoming altar of Fedhas.
  5136 | D:5      | Reached skill level 5 in Dodging
  5866 | D:6      | Reached XP level 9. HP: 70/79 MP: 9/9
  5902 | D:6      | Reached skill level 9 in Maces & Flails
  5952 | D:6      | Found an iron altar of Okawaru.
  6161 | D:6      | Found a white marble altar of Elyvilon.
  6200 | D:6      | Reached *** piety under Makhleb
  6337 | D:7      | Reached skill level 10 in Maces & Flails
  6858 | D:7      | Noticed a two-headed ogre
  6869 | D:7      | Slain by a two-headed ogre

Skill      XL: |  1  2  3  4  5  6  7  8  9 |
---------------+----------------------------+-----
Maces & Flails | 3 4 5 6 7 8 10 | 10.2
Dodging        | 1 2 3 4 5 6 |  6.2
Armour         | 4 5 6 7 |  7.9
Fighting       | 4 5 6 7 |  7.9
Invocations    | 2 3 |  3.7
Shields        | 4 |  4.0

Action                   |  1- 3 |  4- 6 |  7- 9 || total
-------------------------+-------+-------+-------++-------
Melee: Flail             |   107 |    15 |       ||   122
       Headbutt          |    14 |    23 |    62 ||    99
       Mace              |       |   154 |   297 ||   451
       Whip              |       |       |    23 ||    23
  Use: Scroll            |     4 |     1 |     9 ||    14
  Eat: Chunk             |     2 |     4 |    10 ||    16
       Ration            |       |     1 |       ||     1
Armor: Scale mail        |    48 |    89 |   135 ||   272
Dodge: Dodged            |    25 |    72 |   141 ||   238
Block: Shield            |    51 |   114 |    67 ||   232
       Buckler           |       |       |    50 ||    50
